DBL
SEATTLE PILOTS @ OAKLAND ATHLETICS
04/28/1997
 
TOP OF THE 1ST
Seattle Pilots batting - Pitching for Oakland Athletics : RHP Todd Stottlemyre
Pitching: RHP Todd Stottlemyre
Batting: SHB Pat Listach 0-0: Called Strike
0-1: Ball
1-1: Ball
2-1: Ball
3-1: Foul Ball, location: 2F
3-2: SINGLE (Groundball, 25, EV 63.1 MPH) (infield hit)
Batting: SHB Bill R Mueller 0-0: Foul Ball, location: 2F
0-1: Ball
1-1: Ball
2-1: Fly out, F8 (Flyball, 89XD, EV 106.9 MPH)
Runner from 1st tags up, OUT at 2nd! 8-6
Batting: LHB Ken Griffey Jr. 0-0: SINGLE (Groundball, 6MD, EV 102.5 MPH)
Batting: RHB Edgar Martinez 0-0: Called Strike
0-1: Ball
Ken Griffey Jr. steals 2nd base
1-1: Ball
2-1: Swinging Strike
2-2: Foul Ball, location: 2F
2-2: Foul Ball, location: 2F
2-2: Strikes out swinging
Top of the 1st over - 0 runs, 2 hits, 0 errors, 1 left on base; Seattle 0 - Oakland 0
BOTTOM OF THE 1ST
Oakland Athletics batting - Pitching for Seattle Pilots : LHP Randy Johnson
Pitching: LHP Randy Johnson
Batting: RHB Rickey Henderson 0-0: Called Strike
0-1: Ball
1-1: Ball
2-1: Fly out, F8 (Flyball, 78M, EV 81.3 MPH)
Batting: LHB John Olerud 0-0: Foul Ball, location: 2F
0-1: Called Strike
0-2: Ball
1-2: Strikes out swinging
Batting: RHB Jay Buhner 0-0: Swinging Strike
0-1: Called Strike
0-2: Foul Ball, location: 2F
0-2: Ball
1-2: Foul Ball, location: 2F
1-2: Ball
2-2: Foul Ball, location: 2F
2-2: Ball
3-2: Strikes out looking
Bottom of the 1st over - 0 runs, 0 hits, 0 errors, 0 left on base; Seattle 0 - Oakland 0
TOP OF THE 2ND
Seattle Pilots batting - Pitching for Oakland Athletics : RHP Todd Stottlemyre
Batting: RHB Jermaine Dye 0-0: Called Strike
0-1: Foul Ball, location: 2F
0-2: Fly out, F9 (Line Drive, 9, EV 96.9 MPH)
Batting: LHB J.T. Snow 0-0: Called Strike
0-1: Foul Ball, location: 2F
0-2: Strikes out swinging
Batting: RHB Dante Bichette 0-0: Called Strike
0-1: Fly out, F7 (Flyball, 78M, EV 85.6 MPH)
Top of the 2nd over - 0 runs, 0 hits, 0 errors, 0 left on base; Seattle 0 - Oakland 0
BOTTOM OF THE 2ND
Oakland Athletics batting - Pitching for Seattle Pilots : LHP Randy Johnson
Batting: RHB Greg Vaughn 0-0: Ball
1-0: Foul Ball, location: 2F
1-1: Ball
2-1: Foul Ball, location: 2F
2-2: Ball
3-2: Strikes out swinging
Batting: SHB Geronimo Pena 0-0: Ball
1-0: Called Strike
1-1: Called Strike
1-2: Strikes out looking
Batting: RHB Benito Santiago 0-0: Foul Ball, location: 2F
0-1: Ball
1-1: Swinging Strike
1-2: Fly out, F8 (Flyball, 8LS, EV 88.8 MPH)
Bottom of the 2nd over - 0 runs, 0 hits, 0 errors, 0 left on base; Seattle 0 - Oakland 0
TOP OF THE 3RD
Seattle Pilots batting - Pitching for Oakland Athletics : RHP Todd Stottlemyre
Batting: SHB Mark McLemore 0-0: Called Strike
0-1: Ball
1-1: Called Strike
1-2: Foul Ball, location: 2F
1-2: Foul Ball, location: 2F
1-2: Ball
2-2: Ground out 4-3 (Groundball, 4, EV 85.6 MPH)
Batting: RHB Joe Girardi 0-0: Ball
1-0: Ball
2-0: Ball
3-0: Called Strike
3-1: SINGLE (Groundball, 56D, EV 101.3 MPH)
Batting: SHB Pat Listach 0-0: Ball
1-0: Called Strike
1-1: Swinging Strike
1-2: Strikes out swinging
Batting: SHB Bill R Mueller 0-0: Swinging Strike
Joe Girardi steals 2nd base
0-1: Ball
1-1: Swinging Strike
1-2: Strikes out swinging
Top of the 3rd over - 0 runs, 1 hit, 0 errors, 1 left on base; Seattle 0 - Oakland 0
BOTTOM OF THE 3RD
Oakland Athletics batting - Pitching for Seattle Pilots : LHP Randy Johnson
Batting: RHB Herbert Perry 0-0: Ball
1-0: Swinging Strike
1-1: Called Strike
1-2: Ground out 6-3 (Groundball, 4M, EV 79.4 MPH)
Batting: SHB Devon White 0-0: Ball
1-0: Ball
2-0: Ball
3-0: Called Strike
3-1: SOLO HOME RUN (Flyball, 78XD, EV 99.4 MPH), Distance : 395 ft
Batting: RHB Greg Litton 0-0: Ball
1-0: Foul Ball, location: 2F
1-1: Ball
2-1: Foul Ball, location: 2F
2-2: Strikes out swinging passed ball, reaches first!
Batting: RHB Rickey Henderson 0-0: Ball
1-0: Ball
2-0: Foul Ball, location: 2F
2-1: Foul Ball, location: 2F
2-2: Ball
3-2: DOUBLE (Flyball, 89D, EV 93.8 MPH)
Greg Litton to third
Batting: LHB John Olerud 0-0: Swinging Strike
0-1: Ball
1-1: Ball
2-1: Ball
3-1: Base on Balls
Batting: RHB Jay Buhner 0-0: Called Strike
0-1: Ball
1-1: Foul Ball, location: 2F
1-2: Ball
2-2: Strikes out swinging
Batting: RHB Greg Vaughn 0-0: Ball
1-0: Called Strike
1-1: Ball
2-1: Called Strike
2-2: Strikes out swinging
Bottom of the 3rd over - 1 run, 2 hits, 0 errors, 3 left on base; Seattle 0 - Oakland 1
TOP OF THE 4TH
Seattle Pilots batting - Pitching for Oakland Athletics : RHP Todd Stottlemyre
Batting: LHB Ken Griffey Jr. 0-0: Ball
1-0: Called Strike
1-1: Ball
2-1: Ball
3-1: Called Strike
3-2: Ground out 3-1 (Groundball, 34S, EV 86.3 MPH)
Batting: RHB Edgar Martinez 0-0: Ball
1-0: Ball
2-0: Ball
3-0: Base on Balls
Batting: RHB Jermaine Dye 0-0: Foul Ball, location: 2F
0-1: Swinging Strike
0-2: Ball
1-2: Ball
2-2: Ball
3-2: Foul Ball, location: 2F
3-2: Strikes out swinging
Batting: LHB J.T. Snow 0-0: Swinging Strike
Passed Ball!
Edgar Martinez to second
0-1: Swinging Strike
0-2: Foul Ball, location: 2F
0-2: Fly out, F5 (Popup, 5SF, EV 83.1 MPH)
Top of the 4th over - 0 runs, 0 hits, 0 errors, 1 left on base; Seattle 0 - Oakland 1
BOTTOM OF THE 4TH
Oakland Athletics batting - Pitching for Seattle Pilots : LHP Randy Johnson
Batting: SHB Geronimo Pena 0-0: Foul Ball, location: 2F
0-1: Ball
1-1: Ball
2-1: Ball
3-1: Foul Ball, location: 2F
3-2: Base on Balls
Batting: RHB Benito Santiago 0-0: Called Strike
0-1: Called Strike
0-2: Strikes out looking
Batting: RHB Herbert Perry 0-0: Called Strike
0-1: Ball
1-1: Ball
2-1: Foul Ball, location: 2F
2-2: Foul Ball, location: 2F
2-2: Strikes out looking
Batting: SHB Devon White 0-0: Ball
1-0: Called Strike
1-1: Ball
2-1: Swinging Strike
2-2: Strikes out swinging
Bottom of the 4th over - 0 runs, 0 hits, 0 errors, 1 left on base; Seattle 0 - Oakland 1
TOP OF THE 5TH
Seattle Pilots batting - Pitching for Oakland Athletics : RHP Todd Stottlemyre
Batting: RHB Dante Bichette 0-0: Foul Ball, location: 2F
0-1: Ball
1-1: Called Strike
1-2: Ball
2-2: Strikes out looking
Batting: SHB Mark McLemore 0-0: Ball
1-0: Swinging Strike
1-1: Swinging Strike
1-2: Ball
2-2: Single, Error in OF, E9, batter to second base (Groundball, 34D, EV 95.0 MPH)
Batting: RHB Joe Girardi 0-0: Called Strike
0-1: Called Strike
0-2: Strikes out swinging
Batting: SHB Pat Listach 0-0: Ball
1-0: Ball
2-0: Ball
3-0: Called Strike
3-1: Foul Ball, location: 2F
3-2: Strikes out looking
Top of the 5th over - 0 runs, 1 hit, 1 error, 1 left on base; Seattle 0 - Oakland 1
BOTTOM OF THE 5TH
Oakland Athletics batting - Pitching for Seattle Pilots : LHP Randy Johnson
Batting: RHB Greg Litton 0-0: Called Strike
0-1: Foul Ball, location: 2F
0-2: Strikes out swinging
Batting: RHB Rickey Henderson 0-0: Swinging Strike
0-1: Fly out, F8 (Line Drive, 8LD, EV 92.5 MPH)
Batting: LHB John Olerud 0-0: Ball
1-0: Swinging Strike
1-1: Ball
2-1: Fly out, F6 (Popup, 56, EV 80.0 MPH)
Bottom of the 5th over - 0 runs, 0 hits, 0 errors, 0 left on base; Seattle 0 - Oakland 1
TOP OF THE 6TH
Seattle Pilots batting - Pitching for Oakland Athletics : RHP Todd Stottlemyre
Batting: SHB Bill R Mueller 0-0: Ball
1-0: Ball
2-0: Foul Ball, location: 2F
2-1: Swinging Strike
2-2: Strikes out swinging
Batting: LHB Ken Griffey Jr. 0-0: Ball
1-0: Ball
2-0: Called Strike
2-1: Ball
3-1: Swinging Strike
3-2: Foul Ball, location: 2F
3-2: Strikes out swinging
Batting: RHB Edgar Martinez 0-0: Ball
1-0: Ball
2-0: Ball
3-0: Base on Balls
Pitching: RHP William VanLandingham
Batting: RHB Jermaine Dye 0-0: Ball
1-0: Foul Ball, location: 2F
1-1: Ground out 4-3 (Groundball, 4, EV 105.0 MPH)
Top of the 6th over - 0 runs, 0 hits, 0 errors, 1 left on base; Seattle 0 - Oakland 1
BOTTOM OF THE 6TH
Oakland Athletics batting - Pitching for Seattle Pilots : LHP Randy Johnson
Batting: RHB Jay Buhner 0-0: Called Strike
0-1: Ball
1-1: Ground out 4-3 (Groundball, 4, EV 101.3 MPH)
Batting: RHB Greg Vaughn 0-0: Swinging Strike
0-1: Fly out, F7 (Line Drive, 7D, EV 85.6 MPH)
Batting: SHB Geronimo Pena 0-0: Called Strike
0-1: Ball
1-1: Fly out, F6 (Line Drive, 6, EV 69.4 MPH)
Bottom of the 6th over - 0 runs, 0 hits, 0 errors, 0 left on base; Seattle 0 - Oakland 1
TOP OF THE 7TH
Seattle Pilots batting - Pitching for Oakland Athletics : RHP William VanLandingham
Batting: LHB J.T. Snow 0-0: Ball
1-0: Ball
2-0: Ball
3-0: Called Strike
3-1: Swinging Strike
3-2: Strikes out looking
Batting: RHB Dante Bichette 0-0: Called Strike
0-1: Fly out, F6 (Line Drive, 6, EV 68.1 MPH)
Batting: SHB Mark McLemore 0-0: Ground out U3 (Groundball, 34, EV 76.3 MPH)
Top of the 7th over - 0 runs, 0 hits, 0 errors, 0 left on base; Seattle 0 - Oakland 1
BOTTOM OF THE 7TH
Oakland Athletics batting - Pitching for Seattle Pilots : LHP Randy Johnson
Batting: RHB Benito Santiago 0-0: Ball
1-0: Called Strike
1-1: Fly out, F9 (Flyball, 9, EV 94.4 MPH)
Batting: RHB Herbert Perry 0-0: Ball
1-0: Ball
2-0: Called Strike
2-1: Ball
3-1: Ground out U3 (Groundball, 3, EV 91.3 MPH)
Batting: SHB Devon White 0-0: Ground out 6-3 (Groundball, 6, EV 85.6 MPH)
Bottom of the 7th over - 0 runs, 0 hits, 0 errors, 0 left on base; Seattle 0 - Oakland 1
TOP OF THE 8TH
Seattle Pilots batting - Pitching for Oakland Athletics : RHP William VanLandingham
Batting: RHB Joe Girardi 0-0: Called Strike
0-1: Ground out 6-3 (Groundball, 6, EV 85.6 MPH)
Batting: SHB Pat Listach 0-0: Ball
1-0: Ball
2-0: Ball
3-0: Called Strike
3-1: Reached on error, E4 (Groundball, 4, EV 85.0 MPH)
Batting: SHB Bill R Mueller 0-0: Called Strike
0-1: Ball
1-1: Foul Ball, location: 2F
1-2: Foul Ball, location: 2F
1-2: Ball
2-2: Ball
3-2: Fly out, F7 (Flyball, 7, EV 82.5 MPH)
Batting: LHB Ken Griffey Jr. 0-0: Ball
1-0: Swinging Strike
1-1: Ball
2-1: Fly out, F8 (Flyball, 8LS, EV 92.5 MPH)
Top of the 8th over - 0 runs, 0 hits, 1 error, 1 left on base; Seattle 0 - Oakland 1
BOTTOM OF THE 8TH
Oakland Athletics batting - Pitching for Seattle Pilots : LHP Randy Johnson
Batting: RHB Greg Litton 0-0: Ball
1-0: Foul Ball, location: 2F
1-1: Ball
2-1: Called Strike
2-2: Foul Ball, location: 2F
2-2: Foul Ball, location: 2F
2-2: Strikes out looking
Batting: RHB Rickey Henderson 0-0: Ball
1-0: Ground out 4-3 (Groundball, 4M, EV 82.5 MPH)
Batting: LHB John Olerud 0-0: Foul Ball, location: 2F
0-1: Called Strike
0-2: Ball
1-2: Strikes out swinging
Bottom of the 8th over - 0 runs, 0 hits, 0 errors, 0 left on base; Seattle 0 - Oakland 1
TOP OF THE 9TH
Seattle Pilots batting - Pitching for Oakland Athletics : RHP William VanLandingham
Batting: RHB Edgar Martinez 0-0: Foul Ball, location: 2F
0-1: Ball
1-1: Ball
2-1: Called Strike
2-2: Foul Ball, location: 2F
2-2: Strikes out swinging
Batting: RHB Jermaine Dye 0-0: Ball
1-0: Called Strike
1-1: Swinging Strike
1-2: Foul Ball, location: 2F
1-2: Strikes out looking
Batting: LHB J.T. Snow 0-0: Ball
1-0: Ground out 4-3 (Groundball, 4, EV 78.8 MPH)
Top of the 9th over - 0 runs, 0 hits, 0 errors, 0 left on base; Seattle 0 - Oakland 1
Monday, February 2nd, 2026 - OOTP Baseball 20.8 Build 74